 Dungeon Crawl Stone Soup version 0.16-a0-4024-g0ecf4ac (console) character file.

1395 Fusha the Ducker (level 9, -3/68 HPs)
             Began as a Human Monk on Feb 18, 2015.
             Slain by a gnoll
             ... wielding a +0 halberd
              (8 damage)
             ... on level 6 of the Dungeon.
             The game lasted 00:16:04 (6402 turns).

Fusha the Ducker (Human Monk)                       Turns: 6402, Time: 00:16:04

Health: -3/68      AC:  5    Str: 12    XL:     9   Next: 0%
Magic:  9/9        EV: 17    Int: 11    God:
Gold:   218        SH:  0    Dex: 18    Spells: 0 memorised, 8 levels left

rFire  . . .     SeeInvis .     f - +2 dagger (drain)
rCold  . . .     Clarity  .     A - +0 leather armour
rNeg   . . .     SustAb   .     (no shield)
rPois  .         Gourm    .     r - +0 helmet
rElec  +         Spirit   .     (no cloak)
rCorr  .         Warding  .     u - +0 pair of gloves
rMut   +         Stasis   .     (no boots)
MR     .....                    v - amulet of resist mutation
Stlth  ++++......               C - ring of stealth
                                g - ring of wizardry (curse)

@: lethally poisoned (-3 -> -4), not resistant to hostile enchantments, stealthy
A: electricity resistance
a: no special abilities


You were on level 6 of the Dungeon.
You were full.

You visited 1 branch of the dungeon, and saw 6 of its levels.

You collected 218 gold pieces.

Inventory:

Hand weapons
 e - a +0 short sword
 f - a +2 dagger of draining (weapon)
 i - a +0 dagger of electrocution
 x - a +0 blowgun
Missiles
 d - 133 stones (quivered)
 j - 2 throwing nets
 n - 2 curare-tipped needles
 y - 30 poisoned needles
 G - 2 javelins
Armour
 a - a +0 robe
 r - a +0 helmet (worn)
 u - a +0 pair of gloves (worn)
 A - a +0 leather armour (worn)
Jewellery
 g - a cursed ring of wizardry (left hand)
 v - an amulet of resist mutation (around neck)
 C - a ring of stealth (right hand)
Magical devices
 p - a wand of flame (11)
 H - a wand of frost (29)
Scrolls
 c - 6 scrolls of remove curse
 k - 3 scrolls of recharging {unknown}
 l - 2 scrolls of enchant armour {unknown}
 m - a scroll of teleportation {unknown}
 o - 2 scrolls of immolation {unknown}
 q - 2 scrolls of identify {unknown}
 w - a scroll of amnesia {unknown}
 B - 3 scrolls of magic mapping {unknown}
 D - a scroll of enchant weapon {unknown}
 E - a scroll of fear {unknown}
Potions
 h - a potion of agility
 s - 2 potions of brilliance
Comestibles
 b - a beef jerky


   Skills:
 + Level 5.0 Fighting
 + Level 3.5 Short Blades
 + Level 0.6 Throwing
 - Level 2.0 Armour
 + Level 7.5 Dodging
 + Level 5.4 Stealth
 - Level 4.0 Unarmed Combat
 + Level 0.2 Evocations


You had 8 spell levels left.
You didn't know any spells.

Dungeon Overview and Level Annotations

Branches:
Dungeon (6/15)
 Temple: D:4-7

Altars:
Okawaru
Qazlal
Trog

Annotations:
D:4 More


Innate Abilities, Weirdness & Mutations

You are resistant to electric shocks.


Message History

* * * LOW HITPOINT WARNING * * *
Things that are here:
a halberd; a gnoll corpse; a hound corpse You hit the gnoll.
The gnoll is heavily wounded.
The gnoll hits you with a halberd.
* * * LOW HITPOINT WARNING * * *
You hit the gnoll but do no damage.
You feel sick. The gnoll closely misses you. The gnoll completely misses you.
Drink which item? (? for menu, Esc to quit)
It was a potion of beneficial mutation.
You feel insulated.
You feel fantastic! The gnoll hits you with a spear.
* * * LOW HITPOINT WARNING * * *
The gnoll barely misses you.
The gnoll hits you from afar with a spear.
* * * LOW HITPOINT WARNING * * *
You feel sick.
The gnoll hits you from afar with a halberd!
You die...

##........##..####
#......#.....)†..#
#......#.#.#.###.#
#.####.###.#.# #.#
#. #. #.# #.†.# #<#
#.. #.####.###.###
###
#...##...........#
#.......(..........
#........@.......#.
#...P♣♣gP..P...#.#
#.... ♣g♣P♣♣...#.#
#... ♣.)P♣ ...#. .
P.P..P...#
..PPP.PP...
.♣.PP..P..
.♣♣♣...♣♣P. ..
♣..P♣


You could see 2 gnolls.

Vanquished Creatures
  Menkaure (D:4)
  An ice beast (D:5)
  2 scorpions
  A crimson imp (D:5)
  6 hounds
  2 giant frog zombies
  7 orc priests
  8 orc wizards
  3 worker ants (D:4)
  A killer bee zombie (D:5)
  A hound skeleton (D:6)
  2 gnolls (D:6)
  8 adders
  A shadow imp (D:5)
  A worm (D:2)
  A giant mite (D:2)
  A giant gecko (D:4)
  28 orcs
  A bat skeleton (D:5)
  2 giant cockroaches
  13 goblins
  9 hobgoblins
  7 jackals
  9 ball pythons (D:3)
  12 bats
  5 giant newts
  20 kobolds
  2 quokkas (D:2)
  A quokka zombie (D:5)
  3 rats
159 creatures vanquished.

Notes
Turn   | Place    | Note
--------------------------------------------------------------
     0 | D:1      | Fusha, the Human Monk, began the quest for the Orb.
     0 | D:1      | Reached XP level 1. HP: 18/18 MP: 1/1
   264 | D:1      | Reached XP level 2. HP: 24/24 MP: 2/2
   743 | D:1      | Reached XP level 3. HP: 18/29 MP: 3/3
  1123 | D:2      | Found a stormy altar of Qazlal.
  1265 | D:2      | Reached XP level 4. HP: 35/35 MP: 4/4
  1572 | D:3      | Reached skill level 1 in Short Blades
  1628 | D:3      | Reached XP level 5. HP: 41/41 MP: 5/5
  2305 | D:3      | Found a bloodstained altar of Trog.
  2308 | D:3      | Found an iron altar of Okawaru.
  2805 | D:4      | Reached XP level 6. HP: 36/48 MP: 6/6
  3080 | D:4      | Noticed Menkaure
  3093 | D:4      | Killed Menkaure
  3490 | D:4      | Reached skill level 5 in Dodging
  3490 | D:4      | Reached XP level 7. HP: 49/54 MP: 7/7
  3631 | D:4      | Reached skill level 1 in Armour
  3902 | D:5      | Entered Level 5 of the Dungeon
  4355 | D:5      | Reached XP level 8. HP: 50/60 MP: 8/8
  4374 | D:5      | Reached skill level 6 in Dodging
  4533 | D:5      | Reached skill level 5 in Stealth
  5992 | D:4      | Reached skill level 7 in Dodging
  6225 | D:6      | Reached skill level 5 in Fighting
  6395 | D:6      | Reached XP level 9. HP: 30/68 MP: 9/9
  6399 | D:6      | Gained mutation: You are resistant to electric shocks. [potion of beneficial mutation]
  6402 | D:6      | Slain by a gnoll

Action                   |  1- 3 |  4- 6 |  7- 9 || total
-------------------------+-------+-------+-------++-------
Melee: Unarmed           |    20 |       |       ||    20
       Dagger            |    85 |   131 |   417 ||   633
 Fire: Blowgun           |       |       |     4 ||     4
Throw: Stone             |     5 |     1 |       ||     6
Evoke: Wand              |       |       |     1 ||     1
  Use: Scroll            |     1 |       |       ||     1
       Potion            |       |       |     8 ||     8
 Stab: Sleeping          |     1 |    13 |     9 ||    23
       Distracted        |       |       |     1 ||     1
  Eat: Bread ration      |     1 |     1 |     2 ||     4
       Pizza             |       |     1 |       ||     1
       Royal jelly       |       |       |     2 ||     2
